cohdb
Replays
Latest Replays
All Replays
Popular Replays
Top Player Replays
Match Explorer
How It Works
Community
CoH3 Stats
Reddit
Sign in to upload your games and track your stats! →
Sign in with Steam
Match 41776999
Unlisted
Match 41776999
Overview
Messages
Build Orders
End
Vickers Machine Gun Team
Construct Section Command Post
Selects Heavy Armor Battlegroup
Infantry Section
Infantry Section
Selects Rigorous Vehicle Training
Construct Platoon Command Post
Grenade Package
Selects Forward Repair Assembly
Selects UNKNOWN (2162094)
ML 3-inch Mortar Team
6-pounder Anti-tank Gun Team
Construct Company Command Post
Infantry Section
Selects Light Vehicle Withdraw and Refit
Selects Radio Net
Churchill IV Heavy Tank
Churchill IV Heavy Tank
Armored Vehicle Training
Infantry Training
Selects Recon Artillery
Recon Artillery
SchnellSchuh5000
PIGEONS ARE FBI DRONES
PietroAlierii
[NiP] SimplyBest
shelemin88
C_U_M_Unity HUSTLER
0
0
Comments
sign in to comment!
No comments posted yet!